Map: Simulacrum LE

Players

Vanya

  • Race: Zerg Zerg
  • League: Master
  • Spawn Location: 11:00

Serral - Winner!

  • Race: Zerg Zerg
  • League: Grandmaster
  • Spawn Location: 5:00

Event: Shopify TSL 5

VOD

Have the link to the VOD?

Description

Time

  • Played on: May 23, 2020, 2:05 p.m.
  • Length: 9:45

All games in this series

Show
View Real Time Build Order
Export as new Build Order

Vanya Zerg 

Build Orders: Pool First, Zergling Baneling 

Get SALT Encoding   

  12  0:00  Drone  
  13  0:12  Overlord  
  13  0:16  Drone  
  14  0:31  Drone  
  14  0:32  Drone  
  16  0:39  Extractor  
  16  0:42  Spawning Pool  
  14  0:48  Drone  
  15  1:10  Hatchery  
  14  1:28  Zergling x6  
  17  1:38  Metabolic Boost  
  17  1:47  Queen  
  17  1:52  Zergling x2  
  20  1:56  Zergling x2  
  21  2:04  Baneling Nest  
  20  2:09  Zergling x2  
  22  2:15  Zergling x2  
  22  2:25  Zergling x4  
  24  2:36  Overlord  
  24  2:37  Zergling x2  
  25  2:48  Baneling x3  
  25  2:50  Zergling x2  
  26  2:52  Baneling  
  26  2:56  Zergling x2  
  27  3:00  Zergling x2  
  27  3:05  Baneling  
  28  3:06  Zergling x2  
  28  3:13  Zergling x2  
  28  3:18  Zergling x2  
  28  3:23  Zergling x2  
  24  3:34  Zergling x2  
  24  3:35  Zergling x4  
  24  3:41  Baneling x2  
  26  3:47  Zergling x2  
  26  3:59  Zergling x6  
  26  4:01  Baneling  
  27  4:11  Zergling x4  
  27  4:14  Baneling x2  
  29  4:20  Baneling  
  28  4:29  Zergling x4  
  29  4:32  Baneling  
  28  4:42  Zergling x6  
  29  4:51  Zergling x2  
  29  4:52  Zergling x2  
  22  4:57  Baneling x2  
  22  5:04  Drone  
  23  5:07  Drone  
  23  5:10  Drone  
  25  5:16  Drone  
  25  5:20  Drone  
  27  5:24  Baneling x2  
  27  5:27  Drone  
  28  5:37  Zergling x4  
  28  5:42  Drone x2  
  31  5:49  Overlord  
  31  5:56  Drone  
  32  5:58  Drone  
  32  6:02  Drone x2  
  35  6:04  Drone  
  35  6:10  Drone x2  
  38  6:13  Drone  
  39  6:21  Queen  
  41  6:26  Drone  
  41  6:30  Overlord  
  41  6:31  Drone  
  41  6:35  Drone x2  
  41  6:39  Overlord  
  43  6:49  Baneling x4  
  43  6:50  Drone x4  
  47  6:59  Extractor  
  46  7:06  Drone x2  
  46  7:08  Hatchery  
  47  7:14  Drone  
  47  7:19  Roach Warren  
  45  7:25  Zergling x2  
  45  7:27  Overlord  
  45  7:44  Zergling x2  
  45  7:45  Zergling x8  
  45  7:46  Overlord  
  49  8:01  Overlord  
  48  8:06  Roach x7  
  61  8:13  Roach  
  63  8:20  Roach  
  63  8:21  Roach x2  
  63  8:22  Queen  
  71  8:27  Roach x4  
  71  8:28  Roach  
  79  8:39  Baneling x2  
  79  8:40  Zergling x8  
  83  8:46  Baneling  
  83  8:47  Zergling x6  
  86  8:55  Baneling x2  
  86  8:56  Overlord  
  86  8:58  Zergling x6  
  86  8:59  Baneling  
  86  9:02  Baneling  
  89  9:05  Overlord  
  89  9:16  Zergling x12, Ravager  
  86  9:26  Zergling x8  
Show
View Real Time Build Order
Export as new Build Order

Serral Zerg - Winner!

Build Orders: Hatch First, Zergling Baneling 

Get SALT Encoding   

  12  0:00  Drone  
  13  0:12  Overlord  
  13  0:16  Drone  
  14  0:30  Drone x2  
  16  0:48  Hatchery  
  15  0:51  Drone  
  15  0:54  Drone  
  17  0:58  Drone  
  18  1:08  Extractor  
  17  1:13  Spawning Pool  
  17  1:17  Drone  
  17  1:20  Drone  
  18  1:28  Drone  
  19  1:38  Drone  
  20  2:00  Queen x2, Overlord  
  24  2:01  Zergling x4  
  24  2:08  Metabolic Boost  
  26  2:14  Drone x2  
  28  2:24  Drone x2  
  28  2:29  Baneling Nest  
  29  2:43  Hatchery  
  28  2:46  Zergling x2  
  28  2:48  Zergling x2  
  30  2:53  Zergling x4  
  32  3:05  Overlord  
  30  3:13  Zergling x12, Baneling x4  
  36  3:21  Zergling x2  
  23  3:44  Queen  
  23  3:45  Zergling x6  
  23  3:47  Baneling  
  28  3:53  Zergling x4  
  28  3:55  Baneling  
  29  4:01  Baneling  
  28  4:09  Baneling  
  28  4:12  Drone x2  
  29  4:24  Zergling x6  
  31  4:27  Drone  
  32  4:32  Baneling  
  32  4:33  Baneling  
  26  4:46  Drone x2  
  26  4:48  Zergling x4  
  26  4:51  Baneling  
  21  5:03  Baneling  
  21  5:07  Drone  
  21  5:13  Drone  
  23  5:17  Drone  
  24  5:22  Drone  
  24  5:27  Drone  
  26  5:32  Zergling x2  
  27  5:41  Drone  
  28  5:44  Drone  
  28  5:45  Drone  
  30  5:52  Drone  
  30  5:53  Drone  
  30  5:56  Drone  
  33  6:01  Drone  
  34  6:05  Drone x2  
  34  6:08  Drone  
  37  6:11  Drone  
  38  6:23  Queen  
  40  6:31  Drone x2  
  40  6:35  Drone  
  40  6:36  Drone x2  
  43  6:41  Lair  
  43  6:46  Overlord  
  43  6:50  Extractor, Overlord  
  42  6:54  Drone  
  42  6:57  Extractor  
  42  6:59  Drone  
  42  7:01  Spine Crawler  
  42  7:03  Drone  
  42  7:05  Drone  
  42  7:06  Drone x2  
  46  7:08  Drone  
  48  7:16  Drone x2  
  48  7:20  Baneling  
  49  7:23  Zergling x2  
  49  7:24  Extractor  
  49  7:26  Zergling x2  
  49  7:29  Overlord  
  50  7:30  Drone x2  
  52  7:44  Drone x3  
  54  7:45  Drone, Spire  
  54  7:49  Drone x2  
  55  8:04  Spine Crawler x2, Zergling x8  
  55  8:05  Spine Crawler  
  54  8:10  Zergling x6  
  57  8:17  Overlord, Spine Crawler, Baneling  
  54  8:36  Baneling x2  
  54  8:37  Spine Crawler x2  
  51  8:49  Evolution Chamber  
  51  8:50  Evolution Chamber  
  51  8:54  Baneling x2  
  49  8:57  Mutalisk x6  
  49  9:02  Mutalisk  
  61  9:05  Baneling x2  
  63  9:10  Mutalisk  
  63  9:13  Baneling x2  
  64  9:18  Mutalisk  
  64  9:20  Zergling x4  
  63  9:28  Zergling x6  
Tags
 
Add a new tag
Caveats
  • Supply blocks, unpowered buildings, or Contaminate may cause inaccurate times.
  • Supply counts are checked every 10 seconds.